TOP OF THE 1ST |
Ft. Worth Cattlemen batting - Pitching for Wizarding Express : RHP Damien Hayward
|
Pitching: RHP Damien Hayward
|
|
Batting: SHB Javier Vázquez
|
0-0: Called Strike 0-1: SINGLE (Line Drive, 8LM)
|
Batting: LHB Rick Mayfield
|
0-0: Ball 1-0: Ball 2-0: Ground out U3 (Groundball, 3S) Javier Vázquez to second
|
Batting: LHB Jesús Morales
|
0-0: Ground out 6-3 (Groundball, 6)
|
Batting: RHB Bart Lewis
|
0-0: Foul Ball, location: 2F 0-1: Swinging Strike 0-2: Ball 1-2: Foul Ball, location: 2F 1-2: Ball 2-2: Strikes out swinging
|
Top of the 1st over - 0 runs, 1 hit, 0 errors, 1 left on base; Ft. Worth 0 - Wizarding 0 |
BOTTOM OF THE 1ST |
Wizarding Express batting - Pitching for Ft. Worth Cattlemen : RHP Mack MacDonald
|
Pitching: RHP Mack MacDonald
|
|
Batting: LHB Jesús Lazcano
|
0-0: Ground out 4-3 (Groundball, 4)
|
Batting: RHB Ralph Cranford
|
0-0: Fly out, F8 (Line Drive, 8LM)
|
Batting: LHB Nathan Tanner
|
0-0: Ball 1-0: Ball 2-0: Ball 3-0: Called Strike 3-1: Swinging Strike 3-2: Fly out, F5 (Popup, 56S)
|
Bottom of the 1st over - 0 runs, 0 hits, 0 errors, 0 left on base; Ft. Worth 0 - Wizarding 0 |
TOP OF THE 2ND |
Ft. Worth Cattlemen batting - Pitching for Wizarding Express : RHP Damien Hayward
|
Batting: SHB Roberto Mosca
|
0-0: Ball 1-0: Ball 2-0: Called Strike 2-1: Swinging Strike 2-2: Ball 3-2: Foul Ball, location: 2F 3-2: Base on Balls
|
Batting: RHB Juan Cabrera
|
0-0: Called Strike 0-1: Swinging Strike 0-2: Ball 1-2: Ball Wild Pitch! Roberto Mosca to second 2-2: Foul Ball, location: 2F 2-2: Foul Ball, location: 2F 2-2: Fly out, F6 (Popup, 6S)
|
Batting: LHB Fernando Ramírez
|
0-0: Ball 1-0: Ground out 4-3 (Groundball, 4M) Roberto Mosca to third
|
Batting: RHB Keiran Calleson
|
0-0: Called Strike 0-1: Ball 1-1: Foul Ball, location: 2F 1-2: SINGLE (Line Drive, 9S) Roberto Mosca scores
|
Batting: SHB Mitch Qualtrough
|
0-0: Ball 1-0: Called Strike 1-1: Called Strike 1-2: SINGLE (Flyball, 34D) Keiran Calleson to second Runner from 2nd tries for 3rd, SAFE, throw made to third
|
Batting: SHB Javier Vázquez
|
0-0: Ball 1-0: 3-RUN HOME RUN (Flyball, 7LD), Distance : 320 ft
|
Batting: LHB Rick Mayfield
|
0-0: Ball 1-0: Foul Ball, location: 2F 1-1: Ground out 1-3 (Groundball, 13)
|
Top of the 2nd over - 4 runs, 3 hits, 0 errors, 0 left on base; Ft. Worth 4 - Wizarding 0 |
BOTTOM OF THE 2ND |
Wizarding Express batting - Pitching for Ft. Worth Cattlemen : RHP Mack MacDonald
|
Batting: LHB Jin-yong Myung
|
0-0: Ball 1-0: Ball 2-0: Ground out 1-3 (Groundball, P)
|
Batting: LHB Adrian McCoy
|
0-0: Ball 1-0: Foul Ball, location: 2F 1-1: Called Strike 1-2: Ball 2-2: Ball 3-2: Foul Ball, location: 2F 3-2: Base on Balls
|
Batting: SHB Salvador Trevino
|
0-0: Ball 1-0: Ball 2-0: Swinging Strike 2-1: Foul Ball, location: 2F 2-2: Ball 3-2: Base on Balls Adrian McCoy to second
|
Batting: RHB Louis Gibbons
|
0-0: Ball 1-0: Ball 2-0: Called Strike 2-1: Fielders Choice at 2nd, 6-4 (Groundball, 6) Adrian McCoy to third
|
Now at 2B: Robby Day
|
|
Batting: LHB Peter Metellus
|
0-0: Fielders Choice at 2nd, 6-4 (Groundball, 6)
|
Bottom of the 2nd over - 0 runs, 0 hits, 0 errors, 2 left on base; Ft. Worth 4 - Wizarding 0 |
TOP OF THE 3RD |
Ft. Worth Cattlemen batting - Pitching for Wizarding Express : RHP Damien Hayward
|
Batting: LHB Jesús Morales
|
0-0: Ball 1-0: Called Strike 1-1: Called Strike 1-2: Ball 2-2: Fly out, F9 (Flyball, 89S)
|
Batting: RHB Bart Lewis
|
0-0: Foul Ball, location: 2F 0-1: Called Strike 0-2: Foul Ball, location: 2F 0-2: Ball 1-2: Ball 2-2: SINGLE (Flyball, 8RS)
|
Batting: SHB Roberto Mosca
|
0-0: Called Strike 0-1: Ball 1-1: Swinging Strike 1-2: Strikes out looking
|
Batting: RHB Juan Cabrera
|
0-0: Called Strike 0-1: Foul Ball, location: 2F 0-2: Ball 1-2: Foul Ball, location: 2F 1-2: Ball 2-2: Foul Ball, location: 2F 2-2: Ball 3-2: Base on Balls Bart Lewis to second
|
Batting: LHB Fernando Ramírez
|
0-0: Ball 1-0: Ball 2-0: Foul Ball, location: 2F 2-1: Foul Ball, location: 2F 2-2: SINGLE (Groundball, 34D) Bart Lewis to third Juan Cabrera to second Runner from 3rd tries for Home, SAFE, throw made home
|
Batting: RHB Keiran Calleson
|
0-0: Foul Ball, location: 2F 0-1: Ball 1-1: Ball 2-1: Foul Ball, location: 2F 2-2: Ball 3-2: Foul Ball, location: 2F 3-2: Foul Ball, location: 2F 3-2: Strikes out looking
|
Top of the 3rd over - 1 run, 2 hits, 0 errors, 2 left on base; Ft. Worth 5 - Wizarding 0 |
BOTTOM OF THE 3RD |
Wizarding Express batting - Pitching for Ft. Worth Cattlemen : RHP Mack MacDonald
|
Batting: RHB Panas Pletnev
|
0-0: Swinging Strike 0-1: Called Strike 0-2: Foul Ball, location: 2F 0-2: Foul Ball, location: 2F 0-2: Strikes out swinging
|
Batting: LHB Jesús Lazcano
|
0-0: Fly out, F7 (Flyball, 7LM)
|
Batting: RHB Ralph Cranford
|
0-0: Ball 1-0: Fly out, F3 (Popup, 3L)
|
Bottom of the 3rd over - 0 runs, 0 hits, 0 errors, 0 left on base; Ft. Worth 5 - Wizarding 0 |
TOP OF THE 4TH |
Ft. Worth Cattlemen batting - Pitching for Wizarding Express : RHP Damien Hayward
|
Batting: SHB Robby Day
|
0-0: Foul Ball, location: 2F 0-1: Foul Ball, location: 2F 0-2: Ball 1-2: Ground out 6-3 (Groundball, 6)
|
Batting: SHB Javier Vázquez
|
0-0: Called Strike 0-1: Swinging Strike 0-2: Ball 1-2: Strikes out swinging
|
Batting: LHB Rick Mayfield
|
0-0: Foul Ball, location: 2F 0-1: Ball 1-1: Swinging Strike 1-2: Ball 2-2: Foul Ball, location: 2F 2-2: Foul Ball, location: 2F 2-2: Strikes out swinging
|
Top of the 4th over - 0 runs, 0 hits, 0 errors, 0 left on base; Ft. Worth 5 - Wizarding 0 |
BOTTOM OF THE 4TH |
Wizarding Express batting - Pitching for Ft. Worth Cattlemen : RHP Mack MacDonald
|
Batting: LHB Nathan Tanner
|
0-0: Swinging Strike 0-1: Ball 1-1: Foul Ball, location: 2F 1-2: Ball 2-2: Ball 3-2: Foul Ball, location: 2F 3-2: Strikes out swinging
|
Batting: LHB Jin-yong Myung
|
0-0: Called Strike 0-1: Ground out U3 (Groundball, 3)
|
Batting: LHB Adrian McCoy
|
0-0: Called Strike 0-1: Swinging Strike 0-2: Ball 1-2: Strikes out swinging
|
Bottom of the 4th over - 0 runs, 0 hits, 0 errors, 0 left on base; Ft. Worth 5 - Wizarding 0 |
TOP OF THE 5TH |
Ft. Worth Cattlemen batting - Pitching for Wizarding Express : RHP Damien Hayward
|
Batting: LHB Jesús Morales
|
0-0: Fly out, F7 (Flyball, 7)
|
Batting: RHB Bart Lewis
|
0-0: Called Strike 0-1: Called Strike 0-2: Fly out, F8 (Flyball, 8LXD)
|
Batting: SHB Roberto Mosca
|
0-0: Called Strike 0-1: Foul Ball, location: 2F 0-2: Ground out 6-3 (Groundball, 6)
|
Top of the 5th over - 0 runs, 0 hits, 0 errors, 0 left on base; Ft. Worth 5 - Wizarding 0 |
BOTTOM OF THE 5TH |
Wizarding Express batting - Pitching for Ft. Worth Cattlemen : RHP Mack MacDonald
|
Batting: SHB Salvador Trevino
|
0-0: Foul Ball, location: 2F 0-1: Called Strike 0-2: Ball 1-2: Ball 2-2: Ball 3-2: SINGLE (Groundball, 4MD)
|
Batting: RHB Louis Gibbons
|
0-0: Called Strike 0-1: Ball 1-1: Fly out, F3 (Popup, 3SF)
|
Batting: LHB Peter Metellus
|
0-0: DOUBLE (Groundball, 3L) Salvador Trevino to third
|
Batting: RHB Panas Pletnev
|
0-0: Ball 1-0: Ball 2-0: Foul Ball, location: 2F 2-1: Foul Ball, location: 2F 2-2: DOUBLE (Line Drive, 7LD) Salvador Trevino scores Peter Metellus scores
|
Batting: LHB Jesús Lazcano
|
0-0: Called Strike 0-1: Ball 1-1: Ball Balk! Panas Pletnev to third 2-1: Ground out 4-3 (Groundball, 4) Panas Pletnev scores
|
Batting: RHB Ralph Cranford
|
0-0: Called Strike 0-1: Foul Ball, location: 2F 0-2: Ball 1-2: SINGLE (Groundball, 5D)
|
Batting: LHB Nathan Tanner
|
0-0: SINGLE (Groundball, 6MD) Ralph Cranford to second Runner from 2nd tries for 3rd, SAFE, no throw
|
Batting: LHB Jin-yong Myung
|
0-0: Ball 1-0: Foul Ball, location: 2F 1-1: Ground out U3 (Groundball, 3)
|
Bottom of the 5th over - 3 runs, 5 hits, 0 errors, 2 left on base; Ft. Worth 5 - Wizarding 3 |
TOP OF THE 6TH |
Ft. Worth Cattlemen batting - Pitching for Wizarding Express : RHP Damien Hayward
|
Batting: RHB Juan Cabrera
|
0-0: Ground out 6-3 (Groundball, 6)
|
Pitching: LHP Hao Wei
|
|
Batting: LHB Fernando Ramírez
|
0-0: Swinging Strike 0-1: Ball 1-1: Ground out 6-3 (Groundball, 6M)
|
Batting: RHB Keiran Calleson
|
0-0: Ball 1-0: SINGLE (Line Drive, 7LS)
|
Batting: SHB Robby Day
|
0-0: Ball Keiran Calleson is caught stealing 2nd base
|
Top of the 6th over - 0 runs, 1 hit, 0 errors, 0 left on base; Ft. Worth 5 - Wizarding 3 |
BOTTOM OF THE 6TH |
Wizarding Express batting - Pitching for Ft. Worth Cattlemen : RHP Mack MacDonald
|
Batting: LHB Adrian McCoy
|
0-0: Called Strike 0-1: Foul Ball, location: 2F 0-2: Ball 1-2: Foul Ball, location: 2F 1-2: Ball 2-2: DOUBLE (Line Drive, 8LXD)
|
Batting: SHB Salvador Trevino
|
0-0: Swinging Strike 0-1: Foul Ball, location: 2F 0-2: Ball 1-2: Foul Ball, location: 2F 1-2: Foul Ball, location: 2F 1-2: Foul Ball, location: 2F 1-2: Ball 2-2: Foul Ball, location: 2F 2-2: Foul Ball, location: 2F 2-2: Fly out, F8 (Line Drive, 8LM)
|
Batting: RHB Louis Gibbons
|
0-0: SINGLE (Groundball, 6MD) Adrian McCoy to third
|
Batting: LHB Peter Metellus
|
0-0: Ball 1-0: Called Strike 1-1: DOUBLE (Line Drive, 78XD) Adrian McCoy scores Louis Gibbons to third
|
Pitching: RHP Burm Snart
|
|
Batting: RHB Panas Pletnev
|
0-0: SINGLE (Groundball, 56D) Louis Gibbons scores Peter Metellus to third
|
Batting: LHB Jesús Lazcano
|
0-0: Foul Ball, location: 2F 0-1: Foul Ball, location: 2F 0-2: Strikes out swinging
|
Batting: RHB Ralph Cranford
|
0-0: Ball 1-0: Called Strike 1-1: Foul Ball, location: 2F 1-2: Ground out 6-3 (Groundball, 6M)
|
Bottom of the 6th over - 2 runs, 4 hits, 0 errors, 2 left on base; Ft. Worth 5 - Wizarding 5 |
TOP OF THE 7TH |
Ft. Worth Cattlemen batting - Pitching for Wizarding Express : LHP Hao Wei
|
Batting: SHB Robby Day
|
0-0: Ball 1-0: Ground out 6-3 (Groundball, 6)
|
Batting: SHB Javier Vázquez
|
0-0: Called Strike 0-1: Called Strike 0-2: Foul Ball, location: 2F 0-2: Ball 1-2: Strikes out swinging
|
Batting: LHB Rick Mayfield
|
0-0: Ball 1-0: Foul Ball, location: 2F 1-1: Ball 2-1: Ball 3-1: Foul Ball, location: 2F 3-2: Strikes out looking
|
Top of the 7th over - 0 runs, 0 hits, 0 errors, 0 left on base; Ft. Worth 5 - Wizarding 5 |
BOTTOM OF THE 7TH |
Wizarding Express batting - Pitching for Ft. Worth Cattlemen : RHP Burm Snart
|
Batting: LHB Nathan Tanner
|
0-0: Hit by Pitch
|
Batting: LHB Jin-yong Myung
|
0-0: Ball 1-0: Called Strike 1-1: Ground out U3 (Groundball, 3) Nathan Tanner to second
|
Batting: LHB Adrian McCoy
|
0-0: Intentional Walk
|
Batting: SHB Salvador Trevino
|
0-0: Fly out, F6 (Popup, 6)
|
Batting: RHB Louis Gibbons
|
0-0: Ground out 6-3 (Groundball, 6S)
|
Bottom of the 7th over - 0 runs, 0 hits, 0 errors, 2 left on base; Ft. Worth 5 - Wizarding 5 |
TOP OF THE 8TH |
Ft. Worth Cattlemen batting - Pitching for Wizarding Express : LHP Hao Wei
|
Batting: LHB Jesús Morales
|
0-0: Called Strike 0-1: Ball 1-1: Fly out, F5 (Popup, 5S)
|
Batting: RHB Bart Lewis
|
0-0: Ball 1-0: Ball 2-0: Ground out 4-3 (Groundball, 34)
|
Pinch Hitting: RHB António Pérez
|
0-0: Called Strike 0-1: Called Strike 0-2: Ball 1-2: Ground out 6-3 (Groundball, 6)
|
Top of the 8th over - 0 runs, 0 hits, 0 errors, 0 left on base; Ft. Worth 5 - Wizarding 5 |
BOTTOM OF THE 8TH |
Wizarding Express batting - Pitching for Ft. Worth Cattlemen : RHP Burm Snart
|
Now in LF: António Pérez
|
|
Batting: LHB Peter Metellus
|
0-0: Ball 1-0: Ball 2-0: Ball 3-0: Base on Balls
|
Batting: RHB Panas Pletnev
|
0-0: Bunt - Flyout! F1
|
Batting: LHB Jesús Lazcano
|
0-0: Foul Ball, location: 2F 0-1: Swinging Strike 0-2: Ball 1-2: Foul Ball, location: 2F 1-2: SINGLE (Line Drive, 3D) Peter Metellus to second
|
Batting: RHB Ralph Cranford
|
0-0: Ball 1-0: Called Strike 1-1: Called Strike 1-2: Strikes out swinging
|
Batting: LHB Nathan Tanner
|
0-0: Called Strike 0-1: Ball 1-1: Fielders Choice at 2nd, 5-4 (Groundball, 56)
|
Bottom of the 8th over - 0 runs, 1 hit, 0 errors, 2 left on base; Ft. Worth 5 - Wizarding 5 |
TOP OF THE 9TH |
Ft. Worth Cattlemen batting - Pitching for Wizarding Express : LHP Hao Wei
|
Pitching: RHP Yeon-kyu Kim
|
|
Batting: RHB Juan Cabrera
|
0-0: Called Strike 0-1: Ball 1-1: SINGLE (Groundball, 6MD)
|
Batting: LHB Fernando Ramírez
|
0-0: Bunt - Flyout! F5
|
Batting: RHB Keiran Calleson
|
0-0: Grounds into double play, 5-4-3 (Groundball, 56)
|
Top of the 9th over - 0 runs, 1 hit, 0 errors, 0 left on base; Ft. Worth 5 - Wizarding 5 |
BOTTOM OF THE 9TH |
Wizarding Express batting - Pitching for Ft. Worth Cattlemen : RHP Burm Snart
|
Batting: LHB Jin-yong Myung
|
0-0: Fly out, F8 (Flyball, 8LD)
|
Batting: LHB Adrian McCoy
|
0-0: Swinging Strike 0-1: Ball 1-1: Foul Ball, location: 2F 1-2: Strikes out looking
|
Batting: SHB Salvador Trevino
|
0-0: Ball 1-0: Ball 2-0: Ball 3-0: Called Strike 3-1: Called Strike 3-2: Ground out 5-3 (Groundball, 56)
|
Bottom of the 9th over - 0 runs, 0 hits, 0 errors, 0 left on base; Ft. Worth 5 - Wizarding 5 |
TOP OF THE 10TH |
Ft. Worth Cattlemen batting - Pitching for Wizarding Express : RHP Yeon-kyu Kim
|
Batting: SHB Robby Day
|
0-0: Ball 1-0: Ball 2-0: Fly out, F8 (Flyball, 8RM)
|
Batting: SHB Javier Vázquez
|
0-0: Ball 1-0: Ball 2-0: Foul Ball, location: 2F 2-1: Foul Ball, location: 2F 2-2: Strikes out swinging
|
Batting: LHB Rick Mayfield
|
0-0: Ball 1-0: Called Strike 1-1: DOUBLE (Groundball, 5L)
|
Batting: LHB Jesús Morales
|
0-0: SINGLE (Groundball, 4MD) Rick Mayfield to third Runner from 3rd tries for Home, SAFE, throw made home
|
Batting: RHB Bart Lewis
|
0-0: Ball 1-0: Called Strike Jesús Morales steals 2nd base 1-1: Foul Ball, location: 2F 1-2: Strikes out swinging
|
Top of the 10th over - 1 run, 2 hits, 0 errors, 1 left on base; Ft. Worth 6 - Wizarding 5 |
BOTTOM OF THE 10TH |
Wizarding Express batting - Pitching for Ft. Worth Cattlemen : RHP Burm Snart
|
Pitching: RHP Gojong Joseon
|
|
Now at 3B: Juan Aguirre
|
|
Batting: RHB Louis Gibbons
|
0-0: Called Strike 0-1: Swinging Strike 0-2: Foul Ball, location: 2F 0-2: Ball 1-2: Ball 2-2: Ball 3-2: Strikes out swinging
|
Batting: LHB Peter Metellus
|
0-0: Called Strike 0-1: Fly out, F7 (Flyball, 7)
|
Batting: RHB Panas Pletnev
|
0-0: Ball 1-0: Foul Ball, location: 2F 1-1: Ball 2-1: Ball 3-1: Base on Balls
|
Batting: LHB Jesús Lazcano
|
0-0: Ball 1-0: Ball 2-0: Ball 3-0: Called Strike 3-1: DOUBLE (Line Drive, 9LS) Panas Pletnev to third Runner from 3rd tries for Home, SAFE, no throw
|
Batting: RHB Ralph Cranford
|
0-0: Ball 1-0: Fly out, F7 (Line Drive, 7LM)
|
Bottom of the 10th over - 1 run, 1 hit, 0 errors, 1 left on base; Ft. Worth 6 - Wizarding 6 |
TOP OF THE 11TH |
Ft. Worth Cattlemen batting - Pitching for Wizarding Express : RHP Yeon-kyu Kim
|
Pitching: RHP Carlos Salcido
|
|
Batting: RHB António Pérez
|
0-0: Ball 1-0: SINGLE (Flyball, 9LS)
|
Batting: RHB Juan Aguirre
|
0-0: Sac Bunt - play at first, batter OUT! 5-4 António Pérez to second
|
Batting: LHB Fernando Ramírez
|
0-0: Ball 1-0: Called Strike 1-1: Ball 2-1: Swinging Strike 2-2: Ball 3-2: SINGLE (Groundball, 23) (infield hit) António Pérez to third
|
Batting: RHB Keiran Calleson
|
0-0: Called Strike 0-1: Ball 1-1: Foul Ball, location: 2F 1-2: Ball 2-2: Strikes out swinging
|
Batting: SHB Robby Day
|
0-0: Called Strike 0-1: Ball 1-1: Swinging Strike 1-2: Ball 2-2: Strikes out swinging
|
Top of the 11th over - 0 runs, 2 hits, 0 errors, 2 left on base; Ft. Worth 6 - Wizarding 6 |
BOTTOM OF THE 11TH |
Wizarding Express batting - Pitching for Ft. Worth Cattlemen : RHP Gojong Joseon
|
Batting: LHB Nathan Tanner
|
0-0: Called Strike 0-1: Ball 1-1: Foul Ball, location: 2F 1-2: Foul Ball, location: 2F 1-2: Foul Ball, location: 2F 1-2: Fly out, F6 (Line Drive, 6M)
|
Batting: LHB Jin-yong Myung
|
0-0: Ground out 4-3 (Groundball, 4)
|
Batting: LHB Adrian McCoy
|
0-0: Foul Ball, location: 2F 0-1: Ball 1-1: Ball 2-1: Ball 3-1: Foul Ball, location: 2F 3-2: Strikes out swinging
|
Bottom of the 11th over - 0 runs, 0 hits, 0 errors, 0 left on base; Ft. Worth 6 - Wizarding 6 |
TOP OF THE 12TH |
Ft. Worth Cattlemen batting - Pitching for Wizarding Express : RHP Carlos Salcido
|
Batting: SHB Javier Vázquez
|
0-0: Ball 1-0: Ball 2-0: Ball 3-0: Base on Balls
|
Batting: LHB Rick Mayfield
|
0-0: Ball Javier Vázquez steals 2nd base 1-0: Foul Ball, location: 2F 1-1: Ball Javier Vázquez steals 3rd base 2-1: Foul Ball, location: 2F 2-2: Ball 3-2: Foul Ball, location: 2F 3-2: Strikes out swinging
|
Pitching: LHP León Vallejo
|
|
Batting: LHB Jesús Morales
|
0-0: Ball 1-0: SINGLE (Groundball, 34) Javier Vázquez scores
|
Batting: RHB Bart Lewis
|
0-0: Called Strike 0-1: Ball Jesús Morales is caught stealing 2nd base 1-1: Ball 2-1: Foul Ball, location: 2F 2-2: SINGLE (Flyball, 89S)
|
Batting: RHB António Pérez
|
0-0: Foul Ball, location: 2F 0-1: Ball 1-1: Ball 2-1: Swinging Strike 2-2: Strikes out swinging
|
Top of the 12th over - 1 run, 2 hits, 0 errors, 1 left on base; Ft. Worth 7 - Wizarding 6 |
BOTTOM OF THE 12TH |
Wizarding Express batting - Pitching for Ft. Worth Cattlemen : RHP Gojong Joseon
|
Pitching: LHP Ricardo Ruíz
|
|
Pinch Hitting: RHB Paul Penrice
|
0-0: Fly out, F8 (Line Drive, 8LM)
|
Batting: RHB Louis Gibbons
|
0-0: Swinging Strike 0-1: Fly out, F7 (Flyball, 7S)
|
Batting: LHB Peter Metellus
|
0-0: Called Strike 0-1: Called Strike 0-2: Ball 1-2: Strikes out looking
|
Bottom of the 12th over - 0 runs, 0 hits, 0 errors, 0 left on base; Ft. Worth 7 - Wizarding 6 |
|